 Dungeon Crawl Stone Soup version 0.30-a0-728-gc68057be0a (webtiles) character file.

Game seed: 5781319118021754457

161 karrick the Covered (level 5, -4/33 HPs)
             Began as a Gargoyle Fighter on Jan 30, 2023.
             Slain by Menkaure (16 damage)
             ... on level 4 of the Dungeon.
             The game lasted 00:03:14 (2466 turns).

karrick the Covered (Gargoyle Fighter)              Turns: 2466, Time: 00:03:15

Health: -4/33      AC: 13    Str: 20    XL:     5   Next: 42%
Magic:  0/5        EV:  9    Int:  8    God:
Gold:   137        SH:  5    Dex: 17    Spells: 4/4 levels left

rFire   . . .      SeeInvis .    r - +2 war axe (venom)
rCold   . . .      Faith    .    c - +0 buckler
rNeg    + . .      Spirit   +    b - +0 scale mail
rPois   ∞          Reflect  .    (no helmet)
rElec   +          Harm     .    (no cloak)
rCorr   .          Rampage  .    w - +0 pair of gloves
Will    .....                    e - +0 pair of boots Stlth
                                 t - amulet of guardian spirit
HPRegen 0.25/turn                m - +6 ring of dexterity
MPRegen 0.09/turn                (no ring)

@: no status effects
A: sickness immunity, AC +4, negative energy resistance 1, electricity
resistance, torment resistance 1, petrification resistance
a: no special abilities


You were on level 4 of the Dungeon.
You visited 1 branch of the dungeon, and saw 4 of its levels.

You collected 137 gold pieces.

Inventory:

Hand Weapons
 r - a +2 war axe of venom (weapon)
Armour
 b - a +0 scale mail (worn)
 c - a +0 buckler (worn)
 e - a +0 pair of boots (worn)
 w - a +0 pair of gloves (worn)
Jewellery
 m - a +6 ring of dexterity (left hand)
 t - an amulet of guardian spirit (around neck)
 v - the ring of Oenomania {*Slow rElec rPois rN+ Str+3}
   (You found it on level 3 of the Dungeon)

   [ring of positive energy]

   Str:       It affects your strength (+3).
   rElec:     It insulates you from electricity.
   rPois:     It protects you from poison.
   rN:        It protects you from negative energy.
   *Slow:     It may slow you when you take damage.
Scrolls
 g - 2 scrolls of identify {unknown}
 i - a scroll of blinking {unknown}
 j - a scroll of immolation {unknown}
 k - a scroll of teleportation {unknown}
 o - a scroll of vulnerability {unknown}
 p - a scroll of brand weapon {unknown}
 q - a scroll of enchant armour {unknown}
 s - a scroll of noise {unknown}
 u - a scroll of torment {unknown}
 y - a scroll of fog {unknown}
Potions
 a - a potion of haste {unknown}
 d - a potion of might
 f - 2 potions of cancellation {unknown}
 h - 2 potions of flight {unknown}
 l - a potion of heal wounds {unknown}
 n - 2 potions of lignification {unknown}
 x - a potion of curing {unknown}


   Skills:
 + Level 4.0 Fighting
 + Level 3.7 Axes
 + Level 4.1 Armour
 + Level 3.8 Shields


You had 4 spell levels left.
You didn't know any spells.
Your spell library contained the following spells:

 Spells                   Type           Power      Damage    Failure   Level
 Freeze                   Ice            0%         1d3       85%         1
 Frozen Ramparts          Ice            0%         1d1       99%         3
 Hailstorm                Conj/Ice       0%         3d3       99%         3
 Ozocubu's Armour         Ice            0%         N/A       99%         3
 Metabolic Englaciation   Hex/Ice        0%         N/A       100%        5
 Simulacrum               Ice/Necr       0%         N/A       100%        6


Dungeon Overview and Level Annotations

Branches:
Dungeon (4/15)
 Temple: D:4-7

Altars:
Fedhas
Uskayaw

Annotations:
D:4 Menkaure


Innate Abilities, Weirdness & Mutations

You are immune to sickness and miasma.
Your stone body is resilient. (AC +4)
You are immune to poison.
You resist negative energy. (rN+)
You are resistant to electric shocks. (rElec)
You are resistant to unholy torment.
You are immune to petrification.


Message History

You kill the adder!
Menkaure, Prince of Dust comes into view.
The ball python bites you but does no damage.
The ball python closely misses you.
Menkaure shouts!
You slash the ball python!
You kill the ball python!
Found a book of Frost.
An orc comes into view.
It is wielding a +1 vampiric short sword.
The orc shouts!
Menkaure gestures at you while chanting.
Pain shoots through your body!
You hit Menkaure.
Menkaure is lightly damaged.
Menkaure hits you but does no damage.
You hit Menkaure.
Menkaure is moderately damaged.
Menkaure hits you but does no damage.
You slash Menkaure!
Menkaure is heavily damaged.
You hit the orc.
The orc is poisoned.
The orc hits you with a +1 vampiric short sword.
Menkaure barely misses you.
There are monsters nearby!
There are monsters nearby!
You barely miss Menkaure.
Menkaure is heavily damaged.
You closely miss the orc. You block the orc's attack. Menkaure hits you!!
You block the orc's attack.
You slash Menkaure!
Menkaure is almost destroyed.
You barely miss the orc.
Menkaure gestures at you while chanting.
Pain shoots through your body! The orc barely misses you.
You barely miss Menkaure.
Menkaure is almost destroyed.
You closely miss the orc.
You kill the orc!
Menkaure hits you!
You die...

###.#### ##.#....
......#
.......###...#.### ..
...##........ ###.
#..##....#.. .
...##..##.#)##.# ..
#.?.!.##.#.##.##...
..#.##..#..##.#)#.......
......M@......)....#
.8....)..8.....#...##.##
...........###..<.......
.8.......8.# ##..#......
...?.)!....# ##...##.##
.8..._...8.. ##.## #
....###.....# #.# ##:.
....... ..# ###.#### ..#


You could see Menkaure.

Vanquished Creatures
  An orc priest (D:4)
  An iguana (D:4)
  3 adders
  A worm (D:2)
  2 dart slugs
  7 orcs
  5 bats
  3 endoplasms
  3 giant cockroaches
  6 goblins
  5 hobgoblins
  4 jackals (D:2)
  6 kobolds
  2 quokkas
  5 ball pythons
  4 frilled lizards
  8 rats
66 creatures vanquished.

Notes
Turn   | Place    | Note
-------+----------+-------------------------------------------
     0 | D:1      | karrick the Gargoyle Fighter began the quest for the Orb.
     0 | D:1      | Reached XP level 1. HP: 14/14 MP: 1/1
   252 | D:1      | Reached XP level 2. HP: 19/19 MP: 2/2
   762 | D:2      | Found a blossoming altar of Fedhas.
   777 | D:2      | Reached XP level 3. HP: 23/23 MP: 3/3
  1290 | D:2      | Reached XP level 4. HP: 27/29 MP: 4/4
  1465 | D:2      | Identified the +2 ring mail "Zehexidi" {Harm rElec rC+
                  | Str-5}
  2002 | D:3      | Identified the ring of Oenomania {*Slow rElec rPois rN+
                  | Str+3}
  2396 | D:4      | Reached XP level 5. HP: 29/33 MP: 5/5
  2449 | D:4      | Found a hide-covered altar of Uskayaw.
  2456 | D:4      | Noticed Menkaure
  2466 | D:4      | Slain by Menkaure

Illustrated notes

Levels and vault maps discovered:
D:1:      heliophobic_arrival_dark_side_of_the_moon, layout_loops_ring
D:2:      layout_loops_ring, basic_altar
D:3:      layout_basic, minmay_quadrilaterals
D:4:      layout_loops_ring, eat_drink_and_be_merry_uskayaw, grunt_ministairs_9,
          minmay_liquid_box, st_stairs_7, uniq_blork_the_orc, uniq_menkaure

Skill      XL: |  1  2  3  4  5 |
---------------+----------------+-----
Axes           | 2 3 |  3.7
Armour         | 4 |  4.1
Fighting       | 4 |  4.0
Shields        | |  3.8

Action                     |  1- 3 |  4- 6 || total
---------------------------+-------+-------++-------
  Melee: War axe           |   117 |    74 ||   191
 Armour: Scale mail        |    82 |    27 ||   109
  Dodge: Dodged            |    57 |    31 ||    88
  Block: Buckler           |    33 |    22 ||    55

Table legend: (Time is in decaauts)
 A = Elapsed time spent in this place.
 B = Non-inter-level travel time spent in this place.
 C = Inter-level travel time spent in this place.
 D = Time resting spent in this place.
 E = Time spent auto-exploring this place.
 F = Levels seen in this place.
 G = Mean time per level.
                   A        B        C        D        E       F      G
               +--------+--------+--------+--------+--------+-----+--------+
         Total |   2543 |   2396 |    147 |      0 |   1885 |   4 |  635.8 |
       Dungeon |   2543 |   2396 |    147 |      0 |   1885 |   4 |  635.8 |
               +--------+--------+--------+--------+--------+-----+--------+

Top non-repeatable levels by time:
     D:3: 858 daAuts
     D:2: 816 daAuts
     D:1: 777 daAuts
     D:4: 91 daAuts
